 Dungeon Crawl Stone Soup version 0.27-a0-216-g1fbed8a51c (webtiles) character file.

Game seed: 5798057450834044864

275846 sanka the Ninja (level 19, -13/98 HPs)
             Began as a Spriggan Enchanter on Jan 31, 2021.
             Was the Champion of Ru.
             Killed by a resonance strike
             ... invoked by a ragged hierophant
              (19 damage)
             ... in the Desolation of Salt.
             The game lasted 03:03:56 (71898 turns).

sanka the Ninja (Spriggan Enchanter)               Turns: 71898, Time: 03:03:57

Health: -13/98     AC: 10    Str:  4    XL:     19   Next: 94%
Magic:  0/34       EV: 39    Int: 17    God:    Ru [******]
Gold:   3135       SH:  9    Dex: 24    Spells: 17/38 levels left

rFire    . . .     SeeInvis +   a - +1 rapier (elec)
rCold    . . .     Faith    .   l - +0 buckler
rNeg     . . .     Spirit   +   r - +2 robe {Archmagi}
rPois    .         Reflect  .   h - +2 hood of the Assassin {Detection Stab+ Stlth++}
rElec    .         Harm     .   O - scarf {repulsion}
rCorr    .         Rampage  .   (gloves unavailable)
Will     +++..                  (boots unavailable) Stlth **++++++++
                                N - amulet of guardian spirit
HPRegen  0.26/turn              s - +4 ring of evasion
MPRegen  0.24/turn              F - +4 ring of protection

@: lethally poisoned (-13 -> -17), repel missiles, very quick
A: very small, unfitting armour, see invisible, speed 3, inability to use
devices, disrupted magic 1, unskilled 1, inexperienced 1
}: 1/15 runes: gossamer
a: Renounce Religion, Draw Out Power, Power Leap, Apocalypse


You were in the Desolation of Salt.
You worshipped Ru.
Ru was exalted by your worship.
You visited 8 branches of the dungeon, and saw 35 of its levels.
You also visited: Ossuary, Gauntlet, Volcano and Desolation.

You collected 4959 gold pieces.
You spent 1824 gold pieces at shops.


Innate Abilities, Weirdness & Mutations

You are very small and have problems with some larger weapons.
You are too small for most types of armour.
You have supernaturally acute eyesight. (SInv)
You cover ground extremely quickly.
You cannot study or use magical devices.
Your casting is slightly disrupted.
You are somewhat unskilled. (-1 Apt)
You are somewhat inexperienced. (-2 XL)


   Skills:
 - Level 10.0 Fighting
 - Level 10.0 Short Blades
 + Level 16.7 Dodging
 O Level 27 Stealth
 - Level 7.2 Shields
 - Level 10.0 Spellcasting
 - Level 8.0 Conjurations
 - Level 17.0 Hexes
 - Level 4.0 Air Magic


You had 17 spell levels left.
You knew the following spells:

 Your Spells              Type           Power        Failure   Level
u - Fulminant Prism       Conj/Hex       33%          1%          4
x - Confusing Touch       Hex            78%          1%          3
y - Dazzling Flash        Conj/Hex       100%         1%          3
z - Ensorcelled Hibernat  Hex/Ice        100%         1%          2
G - Silence               Hex/Air        30%          5%          5
X - Tukima's Dance        Hex            78%          1%          3
Z - Corona                Hex            86%          1%          1

Your spell library contained the following spells:

 Spells                   Type           Power        Failure   Level
 Magic Dart               Conj           100%         1%          1
 Shock                    Conj/Air       100%         1%          1
 Searing Ray              Conj           100%         1%          2
 Slow                     Hex            78%          1%          2
 Inner Flame              Hex/Fire       54%          1%          3
 Portal Projectile        Hex/Tloc       100%         1%          3
 Summon Guardian Golem    Hex/Summ       54%          1%          3
 Cause Fear               Hex            39%          1%          4
 Foxfire                  Conj/Fire      100%         3%          1
 Static Discharge         Conj/Air       43%          4%          3
 Leda's Liquefaction      Hex/Erth       27%          4%          4
 Conjure Flame            Conj/Fire      33%          8%          3
 Stone Arrow              Conj/Erth      66%          8%          3
 Corpse Rot               Necr/Air       N/A          9%          2
 Metabolic Englaciation   Hex/Ice        27%          11%         5
 Yara's Violent Unravell  Hex/Tmut       27%          11%         5
 Sandblast                Erth           24%          13%         1
 Summon Small Mammal      Summ           48%          13%         1
 Iskenderun's Battlesphe  Conj           52%          13%         5
 Call Imp                 Summ           12%          19%         2
 Passwall                 Tmut/Erth      10%          19%         2
 Sublimation of Blood     Necr           6%           19%         2
 Hailstorm                Conj/Ice       33%          22%         4
 Iskenderun's Mystic Bla  Conj/Tloc      33%          22%         4
 Sticky Flame             Conj/Fire      33%          22%         4
 Lightning Bolt           Conj/Air       21%          28%         5
 Call Canine Familiar     Summ           12%          34%         3
 Gell's Gravitas          Tloc           6%           34%         3
 Summon Lightning Spire   Summ/Air       22%          45%         4
 Irradiate                Conj/Tmut      16%          50%         5
 Discord                  Hex            39%          54%         8
 Animate Armour           Summ/Erth      24%          71%         4
 Dispel Undead            Necr           12%          71%         4
 Petrify                  Tmut/Erth      12%          71%         4
 Summon Ice Beast         Ice/Summ       12%          71%         4
 Bolt of Magma            Conj/Fire/Erth 13%          71%         5
 Agony                    Necr           12%          96%         5
 Borgnjor's Vile Clutch   Necr/Erth      6%           96%         5
 Excruciating Wounds      Necr           6%           96%         5
 Lee's Rapid Deconstruct  Erth           6%           96%         5
 Summon Forest            Summ/Tloc      6%           96%         5
 Iron Shot                Conj/Erth      16%          96%         6
 Orb of Destruction       Conj           26%          97%         7
 Eringya's Noxious Bog    Tmut/Pois      6%           100%        6
 Hydra Form               Tmut           6%           100%        6
 Shadow Creatures         Summ           N/A          100%        6
 Statue Form              Tmut/Erth      8%           100%        6
 Dragon Form              Tmut           6%           100%        7
 Spellforged Servitor     Conj/Summ      16%          100%        7
 Summon Hydra             Summ           6%           100%        7
 Ignition                 Fire           6%           100%        8
 Shatter                  Erth           6%           100%        9
 Tornado                  Air            16%          100%        9

Inventory:

Hand Weapons
 a - a +1 rapier of electrocution (weapon)
 b - the +4 dagger "Qyplar" {protect, rElec Str+2 Dex-2}

   It grants its wielder temporary protection when it strikes (+7 to AC).
   It affects your strength (+2).
   It affects your dexterity (-2).
   It insulates you from electricity.
Missiles
 t - 27 curare-tipped darts {=f}
 S - 9 throwing nets {=f}
Armour
 h - the +2 hood of the Assassin (worn) {Detection Stab+ Stlth++}

   It makes you much more stealthy.
 l - a +0 buckler (worn)
 r - a +2 robe of the Archmagi (worn)
 O - a scarf of repulsion (worn)
Jewellery
 o - the ring "Non Iboe" {rC+ rCorr Str-2 Stlth+}

   [ring of resist corrosion]

   It affects your strength (-2).
   It protects you from cold.
   It provides partial protection from all sources of acid and corrosion.
   It makes you more stealthy.
 p - an uncursed ring of fire
 s - a +4 ring of evasion (left hand)
 E - an uncursed ring of protection from cold
 F - a +4 ring of protection (right hand)
 N - an amulet of guardian spirit (around neck)
 Q - the ring "Saosopt" {rC++ rN+ Dex+3 Slay+4 SInv, unknown}

   [ring of slaying]

   It affects your dexterity (+3).
   It affects your accuracy and damage with ranged weapons and melee attacks
   (+4).
   It greatly protects you from cold.
   It protects you from negative energy.
   It lets you see invisible.
 R - the ring of Osom {Wiz rElec rN+ Int+4, unknown}

   [ring of wizardry]

   It improves your spell success rate.
   It affects your intelligence (+4).
   It insulates you from electricity.
   It protects you from negative energy.
 T - an uncursed ring of protection from fire
 V - a +6 ring of strength {unknown}
Scrolls
 d - a scroll of fog
 g - 13 scrolls of teleportation {@r4}
 i - 14 scrolls of enchant weapon
 j - 4 scrolls of magic mapping
 m - 8 scrolls of identify {@r1}
 q - 11 scrolls of remove curse
 v - 3 scrolls of vulnerability {!r}
 w - 9 scrolls of blinking
 x - 2 scrolls of silence {!r}
 y - 7 scrolls of amnesia
 B - 8 scrolls of enchant armour
 D - 2 scrolls of brand weapon
 K - 8 scrolls of fear
 L - 3 scrolls of holy word
 U - a scroll of torment {!r}
Potions
 c - 4 potions of lignification {!q}
 e - 3 potions of might
 f - 8 potions of mutation {!q}
 k - 9 potions of heal wounds {@q2}
 n - 4 potions of attraction {!q}
 u - a potion of invisibility
 z - 12 potions of curing {@q1}
 A - a potion of cancellation
 C - 3 potions of berserk rage {!q}
 G - 2 potions of magic
 H - 8 potions of brilliance
 I - 4 potions of flight
 J - 9 potions of ambrosia
 M - 4 potions of resistance
 P - 6 potions of haste {@q3}

Dungeon Overview and Level Annotations

Branches:
Dungeon (15/15)            Temple (1/1) D:7            Lair (6/6) D:11
 Shoals (2/4) Lair:2       Spider (4/4) Lair:2        Slime (0/5) Lair:5
    Orc (2/2) D:11            Elf (1/3) Orc:2        Vaults (4/5) D:14
  Crypt (0/3) Vaults:3     Depths (0/5) D:15        Ossuary (visited)
Volcano (visited)         Desolation (1/1)          Gauntlet (visited)

Altars:
Ashenzari
Cheibriados
Dithmenos
Elyvilon
Fedhas
Gozag
Hepliaklqana
Kikubaaqudgha
Makhleb
Nemelex Xobeh
Okawaru
Qazlal
Ru
Sif Muna
Trog
Uskayaw
Vehumet
Wu Jian
Xom
Yredelemnul
Zin
The Shining One
Beogh

Shops:
D:9 (   D:11 *   D:13 [   Orc:2 }(!*   Elf:1 [   Vaults:2 [   Vaults:3 }

Portals:
Trove: D:15 (give 11 potions of heal wounds)

Annotations:
Vaults:1 6 runed translucent doors

.▒...................#▒..........
............▒.........▒#▒▒#▒▒#▒▒8
............▒..S.....####▒..▒▒▒▒.
............#........###.▒.).▒▒▒.
#.#.............##..#▒.)#.▒#▒▒#▒.
...........##...#######▒▒▒▒......
..............#####▒#.#####.#....
##............#8.8##..####.####..
#..............8i8#.##########...
.#...▒▒........#pp#..######.#..#.
##.............#####.#.{######...
#.................####.####.##...
▒....................#.#.#####...
▒▒.............▒......#..##..#...
...............▒......######.....
...............▒......##........#
#.........∩..............#..p..##


You could see 2 ragged hierophants, a peacekeeper, a guardian serpent and 3
saltlings.


Message History

The saltling closely misses you.
You feel sick. The saltling misses you.
The peacekeeper roars a battlecry!
The saltlings go into a battle-frenzy!
The ragged hierophant begins to cast a spell, but is stunned by your conviction!
You redirect the ragged hierophant's attack!
You feel sick.
The ragged hierophant begins to cast a spell, but is stunned by your conviction!
You feel sick.
You redirect the ragged hierophant's attack!
The guardian serpent coils itself and waves its upper body at you.
The saltling blinks!
The saltling blinks!
The ragged hierophant blinks!
The saltling blinks!
The ragged hierophant blinks!
The peacekeeper blinks!
You hit the ragged hierophant.
The ragged hierophant is lightly wounded.
You feel sick. The peacekeeper bites you!
* * * LOW HITPOINT WARNING * * *
The peacekeeper misses you. The ragged hierophant misses you.
You redirect the saltling's attack!
The saltling hits itself.
The ragged hierophant points at you and mumbles some strange words.
A blast of power from the earth and the adjacent constructs strikes you!
You die...

Action                   |  1- 3 |  4- 6 |  7- 9 | 10-12 | 13-15 | 16-18 | 19-21 || total
-------------------------+-------+-------+-------+-------+-------+-------+-------++-------
Melee: Dagger            |   114 |    98 |   266 |   555 |   752 |   804 |   258 ||  2847
       Unarmed           |       |     9 |       |       |     1 |       |       ||    10
       Quarterstaff      |       |       |    24 |       |       |       |       ||    24
       Rapier            |       |       |       |   214 |   594 |   334 |   302 ||  1444
 Cast: Corona            |     4 |       |       |       |       |       |       ||     4
       Ensorcelled Hiber |    48 |    57 |    78 |   195 |   476 |   506 |   141 ||  1501
       Confusing Touch   |       |     1 |    27 |    55 |    69 |    67 |    33 ||   252
       Tukima's Dance    |       |       |       |     5 |     1 |       |       ||     6
       Dazzling Flash    |       |       |       |     6 |    30 |     2 |       ||    38
Invok: Sacrifice Skill   |       |       |     1 |       |       |       |       ||     1
       Reject Sacrifices |       |       |       |     2 |       |       |       ||     2
       Sacrifice Experie |       |       |       |     1 |       |       |       ||     1
       Apocalypse        |       |       |       |       |     4 |     3 |       ||     7
       Sacrifice Essence |       |       |       |       |     1 |       |       ||     1
       Sacrifice Artific |       |       |       |       |     1 |       |       ||     1
Evoke: Wand              |       |       |       |    46 |       |       |       ||    46
  Use: Scroll            |       |     7 |     3 |    18 |    11 |     4 |     3 ||    46
       Potion            |       |       |       |     1 |     4 |     6 |       ||    11
 Stab: Sleeping          |    36 |    43 |    68 |   130 |   362 |   305 |   113 ||  1057
       Confused          |       |     4 |    26 |    65 |    73 |    68 |    34 ||   270
       Distracted        |       |       |       |     9 |    19 |    23 |    14 ||    65
       Invisible         |       |       |       |     8 |    53 |    27 |     4 ||    92
       Paralysed         |       |       |       |     3 |     4 |    11 |     3 ||    21
       Petrified         |       |       |       |       |     1 |       |       ||     1
       Held in net/web   |       |       |       |       |       |     2 |       ||     2
Armor: Robe              |    10 |    12 |     8 |    39 |    79 |    77 |    19 ||   244
       Skin              |       |     1 |       |       |       |       |       ||     1
Dodge: Dodged            |   116 |    71 |   171 |   586 |  1263 |  1015 |   421 ||  3643
       Repelled          |       |       |       |       |     2 |     2 |     9 ||    13
Block: Buckler           |       |       |       |    76 |   414 |   411 |   188 ||  1089

Levels and vault maps discovered:
D:1:      dpeg_arrival_tiny_c, layout_basic
D:2:      layout_basic
D:3:      minmay_thinvault, layout_loops_ring, uniq_sigmund,
          uniq_crazy_yiuf_cottage
D:4:      layout_cave_pods
D:5:      layout_basic, serial_co_window_serial, co_window_corner_a,
          co_window_paths_a, co_window_of_opportunity_a,
          co_window_of_opportunity_a, co_window_corner_a, co_window_paths_b,
          co_window_broadway_a, co_window_cross_2, co_window_2corner,
          co_window_paths_e, co_window_4corner_a, glass_columns_a,
          glass_columns_c, glass_columns_c, glass_columns_c, glass_columns_c,
          uniq_eustachio, uniq_edmund, uniq_blork_the_orc
D:6:      layout_basic, grunt_ministairs_10, grunt_ashenzari_visionary
          [grunt_ashenzari_visionary_shoals, grunt_ashenzari_visionary_spider]
D:7:      layout_basic, marbit_many_paths, minmay_temple_entry_glass
D:8:      layout_basic, enter_ossuary_2
D:9:      minmay_chambers_of_sevens, layout_irregular_city, serial_column_ruins,
          column_ruins_hut_ruined, column_ruins_square_huge,
          column_ruins_open_tiny, column_ruins_open_small_water,
          column_ruins_corridor_straight, column_ruins_grid_1, serial_shops,
          nicolae_shop_stone
D:10:     gammafunk_wand_slinger, layout_cave_pools
D:11:     layout_long_grid, grunt_lair_entry_orc_guard_hut, hiddenorc1_lemuel,
          serial_shops, shop, basic_altar, nzn_ghost_randoct, fedhas_altar_3
D:12:     layout_small_grid, gauntlet_entry_generic
D:13:     layout_rooms, serial_shops, shop, chequers_avenue,
          jmf_multi_god_temple
D:14:     layout_irregular_city, lightli_vaults_fourway_checkpoint,
          chequers_serial_rivers_room_b, mikee_hates_you, uniq_roxanne
D:15:     grunt_enter_depths_hoard, layout_layer_cave, trove_entry_hex_spiral,
          uniq_louise, uniq_nessos, uniq_jorgrun
Temple:   dpeg_three_leaves_temple
Lair:1:   gammafunk_cloud_chamber, layout_chaotic_city,
          nicolae_volcano_entry_two_sided
Lair:2:   regret_index_tunnel_blossom, layout_gridlike,
          minmay_shoals_entry_centaurs, spider_nest_entry_rubble,
          nicolae_lair_grove_arrangements
Lair:3:   dpeg_oklob_gauntlet, layout_misc_corridors, columned_hall_lemuel,
          grunt_forest_large_clearing_hut
Lair:4:   layout_loops_ring, minmay_lair_oklob_chamber,
          infiniplex_staircase_pool_2, uniq_josephine, uniq_sonja
Lair:5:   layout_cave_pods, minmay_slime_entry_jelly_boxes, minivault_11
Lair:6:   minmay_lair_end_enchanted_forest, layout_cave_pods
Shoals:1: layout_shoals
Shoals:2: layout_shoals, uniq_ilsuiw
Spider:1: nicolae_spider_mines_2, gammafunk_ghost_necromancy,
          minmay_another_anthill, uniq_kirke
Spider:2: layout_spider_delve, uniq_arachne
Spider:3: spiders_nest_scorpion_pit
Spider:4: grunt_spider_rune_circles, nicolae_spider_cling_ruins
Orc:1:    layout_caves, uniq_harold
Orc:2:    st_orc_elflike, layout_diamond_mine
Elf:1:    eino_elf_arrival_the_gate, layout_gridlike,
          portal_desolation_entry_ruin, serial_shops, shop, minmay_elf_sorcery,
          minmay_shop_grove
Vaults:1: advil_vaults_ghost_lines, nicolae_vaults_mini_display_case,
          layout_vaults_omnigrid
Vaults:2: nicolae_vaults_network_barrier, ontoclasm_vaults_ring_square,
          nicolae_vaults_know_your_exits, v_misc_30, vaults_room_pools,
          vaults_room_semicircle, v_pattern_4, vaults_room_fours,
          nicolae_vaults_border_crossing, nicolae_vaults_theta,
          layout_vaults_ring, serial_shops, shop
Vaults:3: v_misc_22, st_lines, vaults_room_fours, minmay_crypt_entry_necro_gods,
          grunt_vaults_swirl, grunt_vaults_twisty, ontoclasm_vaults_pinch,
          v_rooms_3, serial_ice_m, nicolae_vaults_alarming,
          vaults_room_ringed_pool, vaults_dpeg_cross, vaults_room_corners,
          layout_vaults_omnibox, serial_shops, shop_statue
Vaults:4: v_misc_17, ontoclasm_vaults_ligature, vaults_dpeg_spiral, v_pattern_2,
          vaults_standard_mumra_enter_the_diamond, nicolae_vaults_triangles,
          v_alt_pattern_3, v_misc_8, nicolae_vaults_little_squares_3,
          layout_vaults_omnicross
Desolation

Notes
Turn   | Place    | Note
-------+----------+-------------------------------------------
     0 | D:1      | sanka the Spriggan Enchanter began the quest for the Orb.
     0 | D:1      | Reached XP level 1. HP: 9/9 MP: 5/5
    69 | D:1      | Reached skill level 5 in Stealth
    75 | D:1      | Reached XP level 2. HP: 9/13 MP: 4/6
    80 | D:1      | Learned a level 2 spell: Ensorcelled Hibernation
   394 | D:1      | Reached skill level 6 in Stealth
  1171 | D:1      | Reached XP level 3. HP: 11/16 MP: 0/8
  2072 | D:2      | Reached skill level 7 in Stealth
  3327 | D:3      | Reached XP level 4. HP: 21/21 MP: 2/9
  3817 | D:3      | Reached skill level 8 in Stealth
  4077 | D:3      | Reached skill level 3 in Spellcasting
  4203 | D:3      | Reached skill level 4 in Hexes
  4504 | D:3      | Found a runed translucent door.
  4505 | D:3      | Noticed Crazy Yiuf
  4926 | D:3      | Noticed Sigmund
  5027 | D:3      | Killed Sigmund
  5028 | D:3      | Reached skill level 6 in Hexes
  5028 | D:3      | Reached XP level 5. HP: 14/24 MP: 5/10
  5028 | D:3      | Reached XP level 6. HP: 17/28 MP: 5/11
  5153 | D:3      | Learned a level 3 spell: Confusing Touch
  5157 | D:3      | Learned a level 3 spell: Tukima's Dance
  6018 | D:3      | Killed Crazy Yiuf
  6019 | D:3      | Reached skill level 7 in Hexes
  6521 | D:4      | Reached skill level 8 in Hexes
  6521 | D:4      | Reached XP level 7. HP: 18/32 MP: 7/12
  6716 | D:4      | Reached skill level 1 in Fighting
  6716 | D:4      | Reached skill level 4 in Dodging
  7417 | D:4      | Reached skill level 2 in Fighting
  7486 | D:5      | Entered Level 5 of the Dungeon
  7486 | D:5      | Noticed Edmund
  7508 | D:5      | Killed Edmund
  7509 | D:5      | Reached skill level 5 in Dodging
  7734 | D:5      | Noticed Blork the orc
  7742 | D:5      | Killed Blork the orc
  7743 | D:5      | Reached skill level 6 in Dodging
  7796 | D:5      | Reached skill level 3 in Fighting
  7796 | D:5      | Reached XP level 8. HP: 40/40 MP: 13/13
  7884 | D:5      | Noticed Eustachio
  7926 | D:5      | Killed Eustachio
  7927 | D:5      | Reached skill level 7 in Dodging
  8272 | D:5      | Reached skill level 2 in Short Blades
  8272 | D:5      | Reached skill level 8 in Dodging
  8291 | D:5      | Reached skill level 3 in Short Blades
  9070 | D:6      | Reached skill level 4 in Short Blades
  9096 | D:6      | Reached skill level 5 in Short Blades
  9228 | D:6      | Reached skill level 9 in Stealth
  9417 | D:6      | Reached skill level 6 in Short Blades
  9423 | D:6      | HP: 4/40 [wight/+0 dire flail (14)]
  9782 | D:6      | Found a broken altar of Ashenzari.
  9786 | D:6      | Saw a vision of the Shoals and the Spider Nest.
  9786 | D:6      | Noticed a wind drake
  9786 | D:6      | Noticed a wind drake
  9786 | D:6      | Noticed a wolf spider
  9786 | D:6      | Noticed a merfolk siren
  9786 | D:6      | Noticed a merfolk siren
  9786 | D:6      | Noticed a sea snake
  9786 | D:6      | Noticed a wolf spider
  9787 | D:6      | Noticed a sea snake
  9787 | D:6      | Noticed a sea snake
  9788 | D:6      | Noticed a sea snake
  9849 | D:6      | Reached XP level 9. HP: 30/43 MP: 12/14
 10264 | D:7      | Reached skill level 10 in Stealth
 10587 | D:6      | Reached skill level 7 in Short Blades
 10619 | D:7      | Found a staircase to the Ecumenical Temple.
 10628 | Temple   | Entered the Ecumenical Temple
 10696 | Temple   | Became a worshipper of Ru the Awakened
 11071 | D:7      | Found a radiant altar of Vehumet.
 11609 | D:8      | Reached skill level 11 in Stealth
 11713 | D:8      | Reached skill level 8 in Short Blades
 11736 | D:8      | Reached skill level 12 in Stealth
 11814 | D:8      | Noticed a two-headed ogre
 12106 | D:8      | Gained mutation: You are somewhat unskilled. (-1 Apt) [Ru
                  | sacrifice]
 12106 | D:8      | Reduced skill Short Blades to level 7
 12106 | D:8      | Reduced skill Dodging to level 7
 12106 | D:8      | Reduced skill Stealth to level 11
 12106 | D:8      | Reduced skill Spellcasting to level 2
 12106 | D:8      | Reduced skill Hexes to level 7
 12106 | D:8      | Reached * piety under Ru
 12120 | D:8      | Found a sand-covered staircase.
 12125 | Ossuary  | Entered an ossuary
 12728 | D:8      | Reached skill level 3 in Spellcasting
 13546 | D:8      | Killed a two-headed ogre
 13547 | D:8      | Reached skill level 8 in Dodging
 13547 | D:8      | Reached XP level 10. HP: 49/49 MP: 10/15
 14110 | D:10     | Entered Level 10 of the Dungeon
 14276 | D:10     | Noticed a deep elf knight
 14654 | D:9      | Found Obysu's Weapon Boutique.
 14691 | D:9      | Reached skill level 8 in Hexes
 14873 | D:9      | Reached skill level 8 in Short Blades
 15023 | D:9      | Reached skill level 4 in Fighting
 15023 | D:9      | Reached skill level 12 in Stealth
 15057 | D:9      | Reached skill level 9 in Dodging
 15090 | D:9      | Noticed a boulder beetle
 15091 | D:9      | Noticed a deep elf pyromancer
 15091 | D:9      | Noticed a white ugly thing
 15590 | D:9      | Killed a deep elf pyromancer
 15786 | D:9      | Killed a boulder beetle
 15917 | D:9      | Killed a white ugly thing
 15918 | D:9      | Reached skill level 10 in Dodging
 16305 | D:9      | Bought a +1 rapier of electrocution for 221 gold pieces
 16325 | D:10     | Found a transporter.
 16384 | D:10     | Reached XP level 11. HP: 36/54 MP: 16/16
 16392 | D:10     | Reached skill level 13 in Stealth
 16527 | D:10     | Reached skill level 5 in Fighting
 16933 | D:10     | Found a transporter.
 17700 | D:10     | HP: 1/56 [deep elf knight/shard of ice (27)]
 18021 | D:10     | Killed a deep elf knight
 18190 | D:10     | Got a pitted dagger
 18191 | D:10     | Identified the +4 dagger "Qyplar" {protect, rElec Str+2
                  | Dex-2} (You found it on level 10 of the Dungeon)
 18566 | D:11     | Noticed a skeletal warrior
 18573 | D:11     | Found a transporter.
 18630 | D:11     | Reached skill level 11 in Dodging
 18636 | D:11     | Noticed kae's ghost (journeyman HOFi)
 18894 | D:11     | Found a blossoming altar of Fedhas.
 19000 | D:11     | Found a transporter.
 19199 | D:11     | Noticed a purple ugly thing
 19345 | D:11     | Killed a purple ugly thing
 19371 | D:11     | Found a staircase to the Lair.
 19375 | D:11     | Reached skill level 14 in Stealth
 19395 | D:11     | Found Lueho's Assorted Antiques.
 19451 | D:11     | Noticed a boulder beetle
 19663 | D:11     | Reached skill level 6 in Fighting
 19798 | D:11     | Killed a boulder beetle
 19932 | D:11     | Found a staircase to the Orcish Mines.
 20294 | D:11     | Reached skill level 12 in Dodging
 20396 | D:11     | Found a sacrificial altar of Ru.
 20498 | D:11     | Noticed a two-headed ogre
 20505 | D:11     | Killed a two-headed ogre
 20506 | D:11     | Reached skill level 15 in Stealth
 20702 | D:11     | Noticed a ghost moth
 20761 | D:11     | Noticed a catoblepas
 20823 | D:11     | Noticed a five-headed hydra
 21044 | D:11     | Noticed an entropy weaver
 21063 | Lair:1   | Entered Level 1 of the Lair of Beasts
 21066 | Lair:1   | Found a transporter.
 21290 | Lair:1   | Reached XP level 12. HP: 58/61 MP: 10/17
 21490 | Lair:1   | Found a dark tunnel.
 21552 | Volcano  | Entered a volcano
 21555 | Volcano  | Noticed a two-headed ogre
 21559 | Volcano  | Killed a two-headed ogre
 21569 | Volcano  | Noticed a two-headed ogre
 21570 | Volcano  | Noticed a two-headed ogre
 21572 | Volcano  | Killed a two-headed ogre
 21580 | Volcano  | Noticed an ogre mage
 21580 | Volcano  | Noticed a two-headed ogre
 21594 | Volcano  | Killed a two-headed ogre
 21595 | Volcano  | Reached skill level 4 in Spellcasting
 21608 | Volcano  | Killed a two-headed ogre
 21609 | Volcano  | Reached skill level 16 in Stealth
 21614 | Volcano  | Killed an ogre mage
 21625 | Volcano  | Noticed a two-headed ogre
 21626 | Volcano  | Noticed a two-headed ogre
 21638 | Volcano  | Killed a two-headed ogre
 21966 | Lair:1   | Found a transporter.
 22385 | Lair:2   | Found a hole to the Spider Nest.
 22688 | Lair:4   | Noticed a catoblepas
 22721 | Lair:4   | Killed a catoblepas
 22722 | Lair:4   | Reached skill level 5 in Spellcasting
 22742 | Lair:4   | Noticed Josephine
 22971 | Lair:4   | Noticed a six-headed hydra
 22996 | Lair:4   | Killed a six-headed hydra
 23244 | Lair:4   | Killed Josephine
 23245 | Lair:4   | Reached skill level 9 in Short Blades
 23245 | Lair:4   | Reached skill level 9 in Hexes
 23248 | Lair:4   | Reached skill level 17 in Stealth
 23466 | Lair:4   | Reached skill level 6 in Spellcasting
 23552 | Lair:4   | Reached XP level 13. HP: 53/65 MP: 11/23
 24229 | Lair:4   | Reached skill level 18 in Stealth
 24293 | Lair:4   | Noticed Sonja
 24300 | Lair:4   | Killed Sonja
 24598 | Lair:3   | Found the +9 heavy crossbow "Sniper" {vorpal, Acc+∞ SInv}
 25545 | Lair:2   | Found a staircase to the Shoals.
 25674 | Lair:2   | Reached skill level 10 in Hexes
 26512 | Lair:2   | Reached skill level 19 in Stealth
 26532 | Lair:2   | Reached skill level 1 in Shields
 27858 | Lair:5   | Reached skill level 13 in Dodging
 27936 | Lair:5   | Reached skill level 20 in Stealth
 28220 | Lair:5   | Got an ancient ruby amulet
 28603 | Lair:4   | Learned a level 3 spell: Dazzling Flash
 28624 | Lair:4   | Reached XP level 14. HP: 37/70 MP: 8/24
 28910 | Lair:5   | Found a staircase to the Slime Pits.
 29032 | Lair:5   | Identified an amulet of Xyuqer {Faith rC+ Slay-3 Stlth+}
                  | (You found it on level 5 of the Lair of Beasts)
 29876 | Lair:5   | Gained mutation: You cannot study or use magical devices.
                  | [Ru sacrifice]
 29876 | Lair:5   | Reached ** piety under Ru
 29876 | Lair:5   | Reached *** piety under Ru
 29876 | Lair:5   | Reached **** piety under Ru
 29911 | Lair:6   | Entered Level 6 of the Lair of Beasts
 30227 | Lair:6   | Reached skill level 2 in Shields
 30808 | Lair:6   | Reached skill level 21 in Stealth
 31059 | Lair:5   | Gained mutation: You are somewhat inexperienced. (-2 XL)
                  | [Ru sacrifice]
 31059 | Lair:5   | Reached XP level 13. HP: 66/66 MP: 23/23
 31059 | Lair:5   | Reached XP level 12. HP: 62/62 MP: 22/22
 31059 | Lair:5   | Reached ***** piety under Ru
 31105 | Lair:5   | Paralysed by a hornet for 2 turns
 31940 | Lair:6   | Reached skill level 10 in Short Blades
 32118 | Lair:6   | Identified the +5 leather armour of the Pink Corner
                  | {Rampage +Blink}
 33031 | Lair:6   | Reached XP level 13. HP: 66/66 MP: 23/23
 33398 | Lair:4   | Got a twitching tin ring
 33408 | Lair:4   | Identified the ring "Non Iboe" {rC+ rCorr Str-2 Stlth+}
                  | (You found it on level 4 of the Lair of Beasts)
 33733 | D:11     | Reached skill level 22 in Stealth
 33749 | D:11     | Killed kae's ghost
 33798 | D:11     | Noticed a fire dragon
 33798 | D:11     | an alligator changed into a fire dragon
 33818 | D:11     | Noticed a ghost moth
 33818 | D:11     | a fire dragon changed into a ghost moth
 33869 | D:11     | Noticed an entropy weaver
 33869 | D:11     | a ghost moth changed into an entropy weaver
 33874 | D:11     | an entropy weaver changed into a goliath frog
 33904 | D:11     | Noticed a spark wasp
 33904 | D:11     | a goliath frog changed into a spark wasp
 33905 | D:11     | a spark wasp changed into a queen ant
 33945 | D:11     | Noticed an ettin
 33945 | D:11     | a queen ant changed into an ettin
 33946 | D:11     | an ettin changed into a glowing orange brain
 34220 | D:11     | Got a transparent falchion
 34221 | D:11     | Identified the cursed +0 falchion "Meygiaq" {flame, rElec
                  | rF+} (You found it on level 11 of the Dungeon)
 34307 | Orc:1    | Entered Level 1 of the Orcish Mines
 34313 | Orc:1    | Gained mutation: Your casting is slightly disrupted. [Ru
                  | sacrifice]
 34313 | Orc:1    | Reached ****** piety under Ru
 34688 | Orc:1    | Noticed Harold
 34698 | Orc:1    | Killed Harold
 35012 | Orc:2    | Entered Level 2 of the Orcish Mines
 35131 | Orc:2    | Found a staircase to the Elven Halls.
 35138 | Orc:2    | Reached skill level 3 in Shields
 35485 | Orc:2    | Found Sysoggil's Assorted Antiques.
 35489 | Orc:2    | Found Ureikeirch's Distillery.
 36406 | Orc:2    | Found Birphoc's Gadget Shop.
 36424 | Orc:2    | Found Quut Gij's Weapon Emporium.
 36546 | D:11     | Bought a scroll labelled AKEVAE JISIAB for 26 gold pieces
 36546 | D:11     | Bought a hardcover book for 390 gold pieces
 36546 | D:11     | Bought a scroll of blinking for 195 gold pieces
 36546 | D:11     | Bought a scroll of teleportation for 78 gold pieces
 36640 | Orc:2    | Bought a scroll of blinking for 202 gold pieces
 36642 | Orc:2    | Bought a potion of heal wounds for 70 gold pieces
 36642 | Orc:2    | Bought a potion of heal wounds for 70 gold pieces
 36642 | Orc:2    | Bought a potion of heal wounds for 70 gold pieces
 36642 | Orc:2    | Bought a potion of invisibility for 112 gold pieces
 36642 | Orc:2    | Bought a potion of haste for 140 gold pieces
 36642 | Orc:2    | Bought a potion of haste for 140 gold pieces
 36642 | Orc:2    | Bought a potion of might for 56 gold pieces
 36644 | Orc:2    | Bought a scroll of identify for 54 gold pieces
 36719 | D:12     | Reached skill level 14 in Dodging
 36757 | D:15     | Entered Level 15 of the Dungeon
 36763 | D:14     | Noticed Roxanne
 36932 | D:12     | Found a gate leading to a gauntlet.
 36970 | Gauntlet | Entered a Gauntlet
 36970 | Gauntlet | Found a transporter.
 36970 | Gauntlet | Found a transporter.
 36970 | Gauntlet | Found a transporter.
 36971 | Gauntlet | Found a transporter.
 36974 | Gauntlet | Found a transporter.
 36980 | Gauntlet | Noticed a death ooze
 36985 | Gauntlet | Found a transporter.
 36991 | Gauntlet | Found a transporter.
 36997 | Gauntlet | Found a transporter.
 37010 | Gauntlet | Found a transporter.
 37032 | Gauntlet | Found a transporter.
 37059 | Gauntlet | Found a transporter.
 37128 | Gauntlet | Found a transporter.
 37129 | Gauntlet | Found the +2 hood of the Assassin {Detection Stab+ Stlth++}
 37293 | Gauntlet | Noticed a minotaur
 37303 | Gauntlet | Killed a minotaur
 37370 | Gauntlet | Identified the Catalogue of Enchanting Confrontation
 37547 | D:12     | Reached skill level 7 in Spellcasting
 37604 | D:12     | Reached skill level 23 in Stealth
 37604 | D:12     | Reached XP level 14. HP: 70/70 MP: 25/25
 38340 | D:13     | Found a radiant altar of Vehumet.
 38341 | D:13     | Found an ancient bone altar of Kikubaaqudgha.
 38351 | D:13     | Noticed a stone giant
 38366 | D:13     | Found Akaotrale's Antique Armour Shop.
 38606 | D:13     | Killed a stone giant
 39486 | D:13     | Reached skill level 7 in Fighting
 39598 | D:13     | Reached skill level 8 in Spellcasting
 39598 | D:13     | Reached skill level 11 in Hexes
 40118 | D:14     | Found a gate to the Vaults.
 40153 | D:14     | Found a runed translucent door.
 40154 | D:14     | Found a runed translucent door.
 40433 | D:14     | Found a runed translucent door.
 41416 | D:14     | Killed Roxanne
 41508 | D:15     | Noticed Jorgrun
 41511 | D:15     | Killed Jorgrun
 41512 | D:15     | Reached skill level 24 in Stealth
 41543 | D:15     | Noticed Nessos
 41557 | D:15     | Killed Nessos
 41632 | D:15     | Reached XP level 15. HP: 75/75 MP: 28/28
 41696 | D:15     | Found a portal to a secret trove of treasure.
 41975 | D:15     | Noticed Louise
 41982 | D:15     | Killed Louise
 42328 | D:15     | Found a staircase to the Depths.
 42331 | D:15     | Reached skill level 9 in Spellcasting
 42647 | Spider:1 | Entered Level 1 of the Spider Nest
 42891 | Spider:1 | Found a runed translucent gate.
 42893 | Spider:1 | Found a runed translucent gate.
 42895 | Spider:1 | Found a runed translucent gate.
 42897 | Spider:1 | Noticed ma3's ghost (adept SpEE)
 44749 | Spider:1 | Noticed Kirke
 44780 | Spider:1 | Noticed Kirke
 44780 | Spider:1 | Kirke changed into Kirke the hog
 44783 | Spider:1 | Killed Kirke the hog
 44786 | Spider:1 | Found a roughly hewn altar of Beogh.
 44823 | Spider:1 | Reached skill level 25 in Stealth
 45239 | Spider:1 | Killed ma3's ghost
 46203 | Spider:2 | Reached skill level 12 in Hexes
 46428 | Spider:2 | Noticed Arachne
 46451 | Spider:2 | Killed Arachne
 46933 | Spider:2 | Reached skill level 10 in Spellcasting
 47156 | Spider:3 | Reached XP level 16. HP: 80/80 MP: 8/31
 47811 | Spider:3 | Reached skill level 4 in Shields
 48083 | Spider:3 | Reached skill level 15 in Dodging
 49242 | Spider:3 | Reached skill level 26 in Stealth
 49416 | Spider:4 | Entered Level 4 of the Spider Nest
 50954 | Spider:4 | Got an ichor-stained trident
 51028 | Spider:3 | Reached skill level 13 in Hexes
 51587 | Spider:4 | HP: 8/80 [redback (7)]
 52366 | Spider:4 | Reached skill level 27 in Stealth
 52797 | Spider:4 | Reached XP level 17. HP: 77/84 MP: 0/32
 53014 | Spider:4 | Got a gossamer rune of Zot
 53181 | Spider:4 | Identified the +9 trident "Bigung" {flame, rElec Str-4
                  | Dex+3} (You found it on level 4 of the Spider Nest)
 53310 | Shoals:1 | Entered Level 1 of the Shoals
 53545 | Shoals:1 | Reached skill level 14 in Hexes
 53642 | Shoals:1 | Reached skill level 5 in Shields
 55164 | Shoals:1 | Reached skill level 8 in Fighting
 55979 | Shoals:2 | Reached skill level 6 in Shields
 56063 | Shoals:2 | Identified a +2 robe of the Archmagi
 56063 | Shoals:2 | Noticed Ilsuiw
 56222 | Shoals:1 | Killed Ilsuiw
 57860 | Vaults:1 | Entered Level 1 of the Vaults
 58864 | Vaults:1 | Reached skill level 9 in Fighting
 58995 | Vaults:1 | Reached skill level 7 in Shields
 59149 | Vaults:1 | Found a large runed translucent door.
 59150 | Vaults:1 | Found a large runed translucent door.
 59166 | Vaults:1 | Found a large runed translucent door.
 59166 | Vaults:1 | Noticed Juteq's ghost (adept GnGl)
 59167 | Vaults:1 | Found a large runed translucent door.
 59168 | Vaults:1 | Found a large runed translucent door.
 59168 | Vaults:1 | Found a large runed translucent door.
 59168 | Vaults:1 | Found a large runed translucent door.
 59168 | Vaults:1 | Found a large runed translucent door.
 60781 | Vaults:1 | Learned a level 4 spell: Fulminant Prism
 60787 | Vaults:1 | Learned a level 5 spell: Silence
 60837 | Vaults:1 | Killed Juteq's ghost
 60838 | Vaults:1 | Reached skill level 10 in Fighting
 61106 | Vaults:2 | Reached XP level 18. HP: 93/93 MP: 28/33
 61203 | Vaults:2 | Reached skill level 1 in Air Magic
 61225 | Vaults:2 | Reached skill level 1 in Conjurations
 61306 | Vaults:2 | Identified +0 ice dragon scales
 61529 | Vaults:2 | Reached skill level 2 in Air Magic
 61793 | Vaults:2 | Reached skill level 2 in Conjurations
 62455 | Vaults:2 | Reached skill level 3 in Air Magic
 63044 | Vaults:1 | Reached skill level 3 in Conjurations
 63933 | Vaults:2 | Reached skill level 4 in Air Magic
 64010 | Vaults:2 | Found Aploty's Antique Armour Emporium.
 64108 | Vaults:2 | Reached skill level 15 in Hexes
 64559 | Vaults:2 | Reached skill level 4 in Conjurations
 65339 | Vaults:3 | Reached skill level 16 in Hexes
 65628 | Vaults:3 | Reached XP level 19. HP: 98/98 MP: 34/34
 65657 | Vaults:3 | Found Avuddeta's Gadget Shop.
 65969 | Vaults:3 | Found a staircase to the Crypt.
 65969 | Vaults:3 | Found an ancient bone altar of Kikubaaqudgha.
 65970 | Vaults:3 | Found a basalt altar of Yredelemnul.
 66288 | Vaults:4 | Reached skill level 17 in Hexes
 66758 | Vaults:4 | Reached skill level 5 in Conjurations
 67219 | Vaults:4 | Identified +0 fire dragon scales
 67470 | Vaults:4 | Reached skill level 6 in Conjurations
 68176 | Vaults:4 | Reached skill level 7 in Conjurations
 69441 | Elf:1    | Entered Level 1 of the Elven Halls
 69454 | Elf:1    | Reached skill level 8 in Conjurations
 69690 | Elf:1    | Found Egeinn's Armour Shoppe.
 69789 | Elf:1    | Identified the Incunabulum of Supportive Confrontation
 69859 | Elf:1    | Found a ruined gateway.
 69865 | Desolati | Entered the Desolation of Salt
 70551 | Desolati | Reached skill level 16 in Dodging
 70848 | Desolati | Got a wavering copper ring
 71268 | Desolati | Got a fine ivory ring
 71270 | Desolati | Got a dazzling long sword
 71271 | Desolati | Identified the cursed +2 long sword of the Glimmering King
                  | {vamp, Dex+4} (You found it in the Desolation of Salt)
 71898 | Desolati | HP: 6/98 [peacekeeper (6)]
 71898 | Desolati | Killed from afar by a ragged hierophant

Vanquished Creatures
  Arachne (Spider:2)
  Jorgrun (D:15)
  The ghost of Juteq the Nimble, an adept GnGl of Makhleb (Vaults:1)
  A tengu reaver (Vaults:3)
  Ilsuiw (Shoals:1)
  Roxanne (D:14)
  3 ghost moths (Spider:4)
  The ghost of ma3 the Eclecticist, an adept SpEE of Vehumet (Spider:1)
  Louise (D:15)
  10 vault wardens
  9 emperor scorpions
  10 ironheart preservers
  3 very ugly things
  5 stone giants
  Nessos (D:15)
  A deep elf demonologist (Elf:1)
  4 entropy weavers
  A spark wasp (Spider:4)
  A minotaur (Gauntlet)
  7 merfolk impalers
  2 ettins
  3 ragged hierophants (Desolation)
  Josephine (Lair:4)
  4 yaktaur captains
  The ghost of kae the Severer, a journeyman HOFi of Qazlal (D:11)
  5 vault guards
  4 servants of whispers (Desolation)
  A great orb of eyes (Vaults:3)
  4 hydras
  8 boulder beetles
  4 ice dragons
  2 peacekeepers (Desolation)
  2 fire dragons (D:15)
  13 ogre magi
  Harold (Orc:1)
  An anaconda (shapeshifter) (D:11)
  2 death knights
  2 catoblepae
  A dancing weapon (Orc:2)
  A merfolk aquamancer (Shoals:1)
  40 two-headed ogres
  4 merfolk avatars
  2 tengu warriors (D:13)
  5 centaur warriors
  A queen ant (Spider:1)
  3 death yaks
  3 orc high priests (Orc:2)
  Sonja (Lair:4)
  5 deep elf knights
  3 sixfirhies (Gauntlet)
  A fire crab (Lair:1)
  2 skeletal warriors
  A spectral emperor scorpion (Spider:1)
  3 shadow wraiths
  4 sea snakes
  A deep troll (shapeshifter) (Vaults:4)
  2 flayed ghosts
  An unseen horror (shapeshifter) (Vaults:2)
  3 unseen horrors
  A glowing orange brain (Vaults:2)
  11 orc knights
  6 deep elf archers
  5 wizards
  2 phantasmal warriors
  11 deep elf zephyrmancers
  10 ironbrand convokers
  A wolf spider zombie (D:13)
  2 cyclopes
  16 orb spiders
  20 harpies
  45 wolf spiders
  7 deep elf pyromancers
  A necromancer (Vaults:2)
  3 oklob plants
  42 ugly things
  A faun (Shoals:2)
  9 manticores
  5 orc sorcerers
  5 moths of wrath
  2 centaur zombies
  4 guardian serpents (Desolation)
  A torpor snail (Spider:2)
  A merfolk siren (Shoals:1)
  3 black mambas
  15 elephants
  2 molten gargoyles (Desolation)
  2 water nymphs
  A black mamba (shapeshifter) (Vaults:2)
  13 vault sentinels
  A yaktaur zombie (Vaults:2)
  12 cane toads
  3 kobold demonologists
  A rime drake (Lair:4)
  2 efreet
  2 spectral redbacks (Spider:1)
  A komodo dragon (shapeshifter) (Vaults:4)
  32 yaktaurs
  7 freezing wraiths
  10 komodo dragons
  A human skeleton (Vaults:2)
  12 demonic crawlers
  5 trolls
  12 merfolk
  A polar bear (shapeshifter) (Vaults:3)
  A troll (shapeshifter) (Vaults:2)
  A queen bee (Lair:2)
  A yaktaur skeleton (Vaults:2)
  3 meliai (Gauntlet)
  2 harpy zombies (D:14)
  41 jumping spiders
  A spectral jumping spider (Spider:1)
  30 saltlings (Desolation)
  5 polar bears (Lair:6)
  11 blink frogs
  28 slime creatures
  19 hornets
  2 dream sheep
  A fire giant simulacrum (Vaults:1)
  4 human simulacra (Vaults:2)
  A snapping turtle (Shoals:2)
  Sigmund (D:3)
  A centaur simulacrum (D:13)
  12 spriggans
  4 shadows
  18 tarantellas
  77 redbacks
  2 hogs (Spider:1)
  2 vampires (D:11)
  8 water elementals
  7 wraiths
  A hog (shapeshifter) (Vaults:2)
  9 wyverns
  3 fire bats (Lair:1)
  Eustachio (D:5)
  58 yaks
  7 basilisks
  2 fire elementals (Lair:1)
  4 redback simulacra (Spider:1)
  A steam dragon (D:12)
  10 vampire mosquitoes
  A basilisk (shapeshifter) (Vaults:1)
  5 wargs
  A hell hound (Lair:1)
  Edmund (D:5)
  5 soldier ants (Spider:1)
  22 water moccasins
  An acid dragon (Vaults:2)
  6 sky beasts
  34 orc warriors
  A jumping spider simulacrum (Spider:1)
  6 ice beasts
  7 black bears
  A necrophage (D:11)
  8 phantoms
  A sky beast (shapeshifter) (D:13)
  An eye of draining (D:13)
  36 ogres
  A hornet zombie (D:6)
  27 wolves
  4 boggarts
  8 centaurs
  Blork the orc (D:5)
  2 big kobolds (D:11)
  19 bullfrogs
  An earth elemental (Elf:1)
  A wyvern zombie (D:11)
  An orb spider simulacrum (Spider:1)
  A water moccasin zombie (D:9)
  2 wyvern skeletons
  6 scorpions
  38 killer bees
  15 wights
  6 howler monkeys
  18 jellies
  A bullfrog zombie (D:5)
  2 quasits
  A gnoll shaman (D:9)
  Crazy Yiuf (D:3)
  3 bullfrog skeletons
  2 centaur skeletons
  28 orc priests
  2 hounds
  21 orc wizards
  An iguana (D:8)
  26 worker ants
  A big kobold zombie (Ossuary)
  8 mummies (Ossuary)
  A worker ant zombie (D:6)
  14 adders
  3 white imps
  2 ufetubi (D:6)
  3 oozes
  3 adder zombies
  6 worms
  2 dart slugs
  10 leopard geckos
  92 orcs
  3 giant cockroaches
  12 goblins
  9 hobgoblins
  12 jackals
  25 kobolds
  5 quokkas
  A ball python (D:3)
  10 bats
  6 frilled lizards
  A gnoll zombie (Ossuary)
  2 hobgoblin zombies (Ossuary)
  2 kobold zombies (Ossuary)
  2 orc zombies (Ossuary)
  13 rats
1562 creatures vanquished.

Vanquished Creatures (collateral kills)
  A redback (Spider:1)
1 creature vanquished.

Vanquished Creatures (others)
  A fire dragon (Vaults:4)
  A two-headed ogre (Vaults:1)
  A deep elf zephyrmancer (Elf:1)
  A molten gargoyle (Desolation)
  A kobold demonologist (D:10)
  A saltling (Desolation)
  4 dancing weapons
  3 humans (Spider:1)
  An ogre (Vaults:2)
  A wight (D:14)
  An orc wizard (Orc:2)
  An orc (D:14)
  68 fungi
  123 plants
  7 withered plants (Gauntlet)
215 creatures vanquished.

Grand Total: 1778 creatures vanquished
